 Dungeon Crawl Stone Soup version 0.29.0-7-g18a832c13a (webtiles) character file.

Game seed: 16625147864767852303

27088 Gabide the Thaumaturge (level 13, -5/76 HPs)
             Began as a Deep Elf Venom Mage on Aug 30, 2022.
             Was a Priest of Vehumet.
             Killed from afar by an ironbound frostheart (31 damage)
             ... by creeping frost
             ... in an ice cave.
             The game lasted 00:51:45 (17068 turns).

Gabide the Thaumaturge (Deep Elf Venom Mage)       Turns: 17068, Time: 00:51:46

Health: -5/76      AC: 10    Str:  8    XL:     13   Next: 2%
Magic:  3/40       EV: 18    Int: 24    God:    Vehumet [***...]
Gold:   580        SH:  0    Dex: 19    Spells: 6/36 levels left

rFire   + . .      SeeInvis +   S - +6 trident of Peace {pain, Str+3 Dex+2}
rCold   + . .      Faith    .   (no shield)
rNeg    . . .      Spirit   .   U - +0 steam dragon scales
rPois   +          Reflect  .   C - +2 helmet
rElec   +          Harm     .   E - scarf {repulsion}
rCorr   +          Rampage  .   d - +0 pair of gloves
Will    +....                   D - +0 pair of boots
Stlth   +++.......              (no amulet)
HPRegen 0.22/turn               J - ring of magical power
MPRegen 0.27/turn               F - ring of see invisible

@: resistant, frozen, animating dead, producing miasma (expiring), invisible,
repel missiles, very slow
A: no striking features
a: Renounce Religion


You were in an ice cave.
You worshipped Vehumet.
Vehumet was most pleased with you.
You visited 2 branches of the dungeon, and saw 11 of its levels.
You also visited: Ossuary and Ice Cave.

You collected 801 gold pieces.
You spent 221 gold pieces at shops.

Inventory:

Hand Weapons
 b - a +3 sling
 O - a +2 dagger of venom
 S - the +6 trident of Peace (weapon) {pain, Str+3 Dex+2}
   (You found it on level 1 of the Lair of Beasts)

   In the hands of one skilled in necromantic magic, it inflicts extra damage on
   living creatures.
   Str:       It affects your strength (+3).
   Dex:       It affects your dexterity (+2).
Armour
 d - a +0 pair of gloves (worn)
 e - a +2 crystal plate armour of cold resistance
 C - a +2 helmet (worn)
 D - a +0 pair of boots (worn)
 E - a scarf of repulsion (worn)
 Q - a +0 cloak
 U - +0 steam dragon scales (worn)
Jewellery
 r - a ring of protection from fire
 x - a +6 ring of strength
 F - a ring of see invisible (right hand)
 G - a +6 ring of dexterity
 J - a ring of magical power (left hand)
 K - a ring of resist corrosion
Wands
 L - a wand of charming (11)
 M - a wand of quicksilver (6)
 N - a wand of flame (22)
Scrolls
 g - 3 scrolls of teleportation
 h - a scroll of silence {unknown}
 j - a scroll of fear
 k - 5 scrolls of enchant weapon
 l - a scroll of fog
 q - a scroll of torment {unknown}
 s - 4 scrolls of amnesia
 v - a scroll of summoning {unknown}
 y - 2 scrolls of immolation
 A - a scroll of brand weapon {unknown}
 B - a scroll of magic mapping {unknown}
 R - a scroll of poison {unknown}
Potions
 c - 5 potions of curing
 f - 2 potions of flight
 i - 2 potions of brilliance
 o - a potion of haste
 p - 2 potions of magic
 t - a potion of berserk rage
 u - 2 potions of invisibility
 w - 4 potions of mutation
 z - 6 potions of attraction
 H - a potion of might
 I - a potion of ambrosia
 P - 4 potions of lignification
 T - a potion of cancellation


   Skills:
 + Level 7.0 Fighting
 - Level 4.5 Long Blades
 + Level 6.7 Polearms
 + Level 8.9 Dodging
 - Level 3.0 Stealth
 - Level 12.0 Spellcasting
 - Level 9.0 Necromancy
 - Level 2.0 Transmutations
 - Level 9.0 Air Magic
 - Level 9.0 Poison Magic


You had 6 spell levels left.
You knew the following spells:

 Your Spells              Type           Power      Damage    Failure   Level
a - Sting                 Tmut/Pois      100%       1d8       1%          1
b - Poisonous Vapours     Pois/Air       100%       N/A       1%          2
c - Olgreb's Toxic Radia  Pois           55%        N/A       1%          4
d - Mephitic Cloud        Conj/Pois/Air  43%        N/A       1%          3
e - Corpse Rot            Necr/Pois/Air  55%        N/A       1%          4
f - Airstrike             Air            27%        2d(4-20)  1%          4
g - Vampiric Draining     Necr           55%        2d9       1%          3
h - Animate Dead          Necr           55%        N/A       1%          4
i - Agony                 Necr           55%        N/A       3%          5

Your spell library contained the following spells:

 Spells                   Type           Power      Damage    Failure   Level
 Frozen Ramparts          Ice            28%        1d5       3%          3
 Necrotise                Necr           100%       1d9       1%          1
 Sandblast                Erth           28%        2d8       1%          1
 Dazzling Flash           Conj/Hex       28%        N/A       3%          3
 Stone Arrow              Conj/Erth      28%        3d8       3%          3
 Passwall                 Tmut/Erth      15%        N/A       4%          2
 Lightning Bolt           Conj/Air       18%        1d32      5%          5
 Summon Lightning Spire   Summ/Air       36%        N/A       7%          4
 Iskenderun's Mystic Bla  Conj/Tloc      14%        2d5       11%         4
 Ozocubu's Armour         Ice            14%        N/A       13%         3
 Portal Projectile        Hex/Tloc       28%        N/A       13%         3
 Tukima's Dance           Hex            14%        N/A       13%         3
 Blade Hands              Tmut           12%        N/A       45%         5
 Simulacrum               Ice/Necr       18%        N/A       71%         6
 Metabolic Englaciation   Hex/Ice        7%         N/A       75%         5
 Starburst                Conj/Fire      7%         6d4       82%         6
 Haunt                    Necr/Summ      18%        N/A       99%         7
 Infestation              Necr           27%        N/A       100%        8


Dungeon Overview and Level Annotations

Branches:
Dungeon (8/15)             Temple (0/1) D:7            Lair (3/5) D:8
 Shoals (0/4) Lair:3       Spider (0/4) Lair:2      Ossuary (visited)
  IceCv (1/1)

Altars:
Elyvilon
Fedhas
Gozag
Kikubaaqudgha
Nemelex Xobeh
Okawaru
Ru
Uskayaw
Vehumet
Zin

Shops:
D:2 (


Message History

Orders for allies: a - Attack new target. p - Attack previous target. r - Retreat! s - Stop attacking. g - Guard the area. f - Follow me.
Anything else - Cancel.
Gang up on whom?
Press: ? - help, Dir - move target, f/p - ironbound frostheart
Aim: an ironbound frostheart, wearing a +0 ring mail (moderately wounded, ally target) Attack!
The ice encasing you melts away.
Your miasmic aura is weakening.
You could not reach far enough!
The ironbound frostheart touches your death yak zombie!!
The ironbound frostheart freezes your death yak zombie.
Your death yak zombie resists.
Your death yak zombie gores the ironbound frostheart!
You reach to attack!
You hit the ironbound frostheart.
The ironbound frostheart writhes in agony.
The ironbound frostheart is heavily wounded.
The ironbound frostheart touches your death yak zombie!
The ironbound frostheart freezes your death yak zombie.
Your death yak zombie resists.
Your death yak zombie is destroyed!
You reach to attack!
You puncture the ironbound frostheart!
The ironbound frostheart writhes in agony.
The ironbound frostheart is severely wounded.
The ironbound frostheart calls freezing cold from the walls.
The frost grips you! You partially resist.
You are encased in ice.
You are too injured to fight recklessly!
Casting: Corpse Rot (dangerous; 1% risk of failure)
Confirm with . or Enter, or press ? or * to list all spells.
Okay, then.
Aiming: Airstrike (safe; 1% risk of failure)
Press: ? - help, Q - select action, (/) - cycle Dir - move target, f/p - ironbound frostheart
Aim: an ironbound frostheart, wearing a +0 ring mail (severely wounded, empty space bonus: 3/8)
The air twists around and strikes the ironbound frostheart!
The ironbound frostheart is almost dead.
The ironbound frostheart calls freezing cold from the walls.
The frost grips you!! You partially resist.
You die...

#.....## #.##...##
≈≈ ##...#### ###
###....##### ##≈
###...#... #≈≈ ###
###....# #≈.
##.###### ######
#.##.#.#...## ##
#@.###Z....# ##.
###p.##...######..
#YY.##..#####.....
#Y..###..####.....#


#YpYh ##..☼#.Z..### ##h.Y ###○○○#### ###. ##### $. )# You could see an ironbound
frostheart.

Vanquished Creatures
  A two-headed ogre (D:8)
  4 death yaks (IceCv)
  An ugly thing (IceCv)
  2 black mambas (Lair:1)
  A merfolk siren (Lair:3)
  Maurice (D:8)
  5 elephants (Lair:1)
  Joseph (D:8)
  Maggie (Lair:2)
  3 cane toads (Lair:2)
  A rime drake (IceCv)
  7 komodo dragons
  5 polar bears
  7 blink frogs
  4 jumping spiders (Lair:2)
  3 wyverns
  25 yaks
  2 wargs (D:8)
  A steam dragon (D:8)
  2 redbacks (Lair:2)
  9 water moccasins
  2 ice beasts
  6 orc warriors
  2 sky beasts (D:7)
  3 ogres
  2 black bears
  4 centaurs
  13 wolves (IceCv)
  5 bullfrogs
  A kobold brigand (D:8)
  2 necrophages
  3 wyvern zombies (Ossuary)
  3 scorpions
  A water moccasin zombie (Ossuary)
  2 vampire bats (Lair:2)
  3 howler monkeys (D:8)
  An electric eel (D:7)
  2 bullfrog zombies (Ossuary)
  2 jellies
  2 hounds
  4 orc priests
  Jessica (D:2)
  3 iguanas
  10 orc wizards
  A killer bee zombie (Ossuary)
  17 mummies (Ossuary)
  3 gnolls (D:6)
  9 adders
  A dart slug (D:3)
  25 orcs
  8 bats
  An endoplasm (D:1)
  A giant cockroach (D:1)
  4 goblins
  8 hobgoblins
  6 jackals
  3 quokkas
  5 ball pythons
  4 frilled lizards
  12 kobolds
  6 rats
277 creatures vanquished.

Vanquished Creatures (collateral kills)
  An ironbound frostheart (IceCv)
  2 death yaks (IceCv)
  An ice statue (IceCv)
  3 polar bears (IceCv)
  6 yaks (IceCv)
  4 wolves (IceCv)
17 creatures vanquished.

Vanquished Creatures (others)
  2 death yak zombies (IceCv)
  A human zombie (IceCv)
  8 yak zombies (IceCv)
  A polar bear zombie (IceCv)
  5 wolf zombies (IceCv)
  13 fungi
  28 plants
  10 withered plants (Ossuary)
68 creatures vanquished.

Grand Total: 362 creatures vanquished

Notes
Turn   | Place    | Note
-------+----------+-------------------------------------------
     0 | D:1      | Gabide the Deep Elf Venom Mage began the quest for the Orb.
     0 | D:1      | Reached XP level 1. HP: 10/10 MP: 6/6
   298 | D:1      | Reached XP level 2. HP: 15/15 MP: 5/8
   944 | D:2      | Reached XP level 3. HP: 12/19 MP: 3/9
  1285 | D:2      | Found Weiff's Antique Weapon Shoppe.
  1464 | D:2      | Noticed Jessica
  1472 | D:2      | Killed Jessica
  1473 | D:2      | Reached skill level 4 in Spellcasting
  1473 | D:2      | Reached XP level 4. HP: 18/24 MP: 6/12
  1829 | D:2      | Identified the +4 mace of Togiyrut {flame, rC+}
  2797 | D:3      | Found a sparkling altar of Nemelex Xobeh.
  3044 | D:4      | Reached XP level 5. HP: 23/28 MP: 4/14
  3153 | D:4      | Found a sand-covered staircase.
  3171 | Ossuary  | Entered an ossuary
  3200 | Ossuary  | Reached skill level 5 in Spellcasting
  3237 | Ossuary  | Reached skill level 5 in Poison Magic
  3253 | Ossuary  | Reached XP level 6. HP: 30/32 MP: 16/16
  3312 | Ossuary  | Reached skill level 6 in Spellcasting
  3479 | Ossuary  | Reached skill level 7 in Spellcasting
  3584 | Ossuary  | Reached XP level 7. HP: 14/36 MP: 20/20
  3605 | Ossuary  | Reached skill level 8 in Spellcasting
  4625 | D:4      | Learned a level 2 spell: Poisonous Vapours
  4630 | D:4      | Learned a level 4 spell: Olgreb's Toxic Radiance
  4634 | D:4      | Learned a level 3 spell: Mephitic Cloud
  4658 | D:4      | Reached skill level 9 in Spellcasting
  4920 | D:4      | Reached skill level 10 in Spellcasting
  5124 | D:5      | Entered Level 5 of the Dungeon
  5553 | D:5      | Reached XP level 8. HP: 41/41 MP: 12/24
  5799 | D:5      | Reached skill level 11 in Spellcasting
  5977 | D:5      | Learned a level 4 spell: Corpse Rot
  6510 | D:6      | Reached skill level 12 in Spellcasting
  6510 | D:6      | Reached skill level 1 in Air Magic
  7306 | D:6      | Found an opulent altar of Gozag.
  7316 | D:6      | Found a white marble altar of Elyvilon.
  7316 | D:6      | Found an iron altar of Okawaru.
  7316 | D:6      | Found an ancient bone altar of Kikubaaqudgha.
  7317 | D:6      | Found a sacrificial altar of Ru.
  7318 | D:6      | Found a glowing silver altar of Zin.
  7321 | D:6      | Found a radiant altar of Vehumet.
  7325 | D:6      | Became a worshipper of Vehumet
  7625 | D:6      | Found a hide-covered altar of Uskayaw.
  7693 | D:6      | Reached skill level 5 in Air Magic
  7934 | D:6      | Reached XP level 9. HP: 45/45 MP: 22/27
  8475 | D:7      | Learned a level 4 spell: Airstrike
  8512 | D:7      | Reached skill level 1 in Necromancy
  8854 | D:7      | Reached skill level 5 in Necromancy
  8973 | D:7      | Found a staircase to the Ecumenical Temple.
  9249 | D:7      | Reached skill level 1 in Fighting
  9455 | D:8      | Found a blossoming altar of Fedhas.
  9661 | D:8      | Noticed a two-headed ogre
  9675 | D:8      | Killed a two-headed ogre
  9675 | D:8      | Noticed Maurice
  9676 | D:8      | Reached XP level 10. HP: 35/56 MP: 20/28
  9681 | D:8      | Reached * piety under Vehumet
  9681 | D:8      | Offered knowledge of Foxfire by Vehumet.
  9691 | D:8      | Killed Maurice
 10058 | D:8      | Learned a level 3 spell: Vampiric Draining
 10281 | D:8      | Found a staircase to the Lair.
 10673 | D:8      | Noticed Joseph
 10711 | D:8      | Killed Joseph
 11057 | D:2      | Bought a glowing dagger for 130 gold pieces
 11058 | D:2      | Bought a long sword for 91 gold pieces
 11844 | Lair:1   | Entered Level 1 of the Lair of Beasts
 11954 | Lair:1   | Noticed an elephant
 11954 | Lair:1   | Noticed an elephant
 11956 | Lair:1   | Noticed an elephant
 11961 | Lair:1   | Noticed an elephant
 11966 | Lair:1   | Noticed an elephant
 11974 | Lair:1   | Noticed a boulder beetle
 12000 | Lair:1   | Killed an elephant
 12012 | Lair:1   | Reached XP level 11. HP: 11/60 MP: 4/29
 12567 | Lair:1   | Reached skill level 1 in Long Blades
 12790 | Lair:1   | Reached ** piety under Vehumet
 12790 | Lair:1   | Offered knowledge of Magic Dart by Vehumet.
 13234 | Lair:1   | Identified the +6 trident of Peace {pain, Str+3 Dex+2}
 13879 | Lair:2   | Noticed Maggie
 13883 | Lair:2   | Reached skill level 1 in Polearms
 13892 | Lair:2   | Killed Maggie
 14368 | Lair:2   | Found a hole to the Spider Nest.
 15023 | Lair:2   | Reached XP level 12. HP: 58/67 MP: 18/30
 15030 | Lair:2   | Reached skill level 5 in Dodging
 15556 | Lair:3   | Found a staircase to the Shoals.
 15561 | Lair:3   | Reached skill level 5 in Fighting
 15636 | Lair:3   | Identified a scroll of acquirement
 15636 | Lair:3   | Acquired a book of Death
 15643 | Lair:3   | Learned a level 4 spell: Animate Dead
 15649 | Lair:3   | Learned a level 5 spell: Agony
 15668 | Lair:3   | Offered knowledge of Static Discharge by Vehumet.
 15669 | Lair:3   | Reached skill level 5 in Polearms
 15799 | Lair:3   | Found a frozen archway.
 15808 | IceCv    | Entered an ice cave
 16076 | IceCv    | Noticed a death yak
 16089 | IceCv    | Killed a death yak
 16101 | IceCv    | Reached *** piety under Vehumet
 16563 | IceCv    | Offered knowledge of Frozen Ramparts by Vehumet.
 16768 | IceCv    | Noticed a death yak
 16779 | IceCv    | Noticed a death yak
 16780 | IceCv    | Killed a death yak
 16788 | IceCv    | Killed a death yak
 17004 | IceCv    | Noticed a death yak
 17004 | IceCv    | Noticed a death yak
 17004 | IceCv    | Noticed an ironbound frostheart
 17004 | IceCv    | Noticed an ironbound frostheart
 17004 | IceCv    | Noticed a death yak
 17018 | IceCv    | Killed a death yak
 17031 | IceCv    | Killed a death yak
 17044 | IceCv    | Killed a death yak
 17058 | IceCv    | Killed an ironbound frostheart
 17059 | IceCv    | Reached XP level 13. HP: 48/76 MP: 4/31
 17068 | IceCv    | Killed from afar by an ironbound frostheart

Illustrated notes

Levels and vault maps discovered:
D:1:      dreamdust_arrival_beginning_and_end, layout_rooms,
          minmay_misc_feat_secret_circle, st_stairs_8, item_on_display_a
D:2:      layout_loops_ring, serial_shops, nicolae_shop_stone, uniq_jessica
D:3:      layout_basic, nemelex_spade_bored_becter, kennysheep_generic_room_6
D:4:      layout_rooms, nicolae_ossuary_entry_ruins,
          amcnicky_mini_corridor_feature
D:5:      layout_rooms
D:6:      layout_loops_corners, minitemple, lemuel_doored_altar,
          dreamdust_princess_corridor, mrwooster_statue_mirror,
          dreamdust_gnoll_farm
D:7:      layout_gridville, minmay_temple_entry_proselytizer,
          nicolae_water_bricks
D:8:      layout_basic, fedhas_bush_and_centaur_altar,
          erik_lair_orcish_takeover, dk_vineyard_1, minmay_between,
          uniq_maurice, uniq_joseph
Lair:1:   layout_hall_layers, chequers_serial_rivers_micro_a,
          serial_bayou_shore_a
Lair:2:   layout_roguey, nicolae_spider_entry_tight_spaces, roderic_batcave,
          guppyfry_lair_drakes, uniq_maggie
Lair:3:   layout_cave_pods, minmay_shoals_entry_lonely_mermaid,
          portal_ice_cave_entry_pillars_2, serial_bayou_ford_a,
          lemuel_fruit_fields
IceCv:    ice_cave_caverns_01

Skill      XL: |  1  2  3  4  5  6  7  8  9 10 11 12 |
---------------+-------------------------------------+-----
Stealth        | 3 |  3.0
Dodging        | 3 4 8 |  8.9
Transmutations | 2 |  2.0
Spellcasting   | 4 5 7 10 12 | 12.0
Poison Magic   | 4 5 6 9 |  9.0
Air Magic      | 5 6 8 9 |  9.0
Necromancy     | 6 9 |  9.0
Fighting       | 3 4 7 |  7.0
Long Blades    | 4 |  4.5
Polearms       | 4 6 |  6.7

Action                   |  1- 3 |  4- 6 |  7- 9 | 10-12 | 13-15 || total
-------------------------+-------+-------+-------+-------+-------++-------
Melee: Unarmed           |     2 |       |       |       |       ||     2
       Mace              |       |    82 |    58 |    20 |       ||   160
       Dagger            |       |       |       |    13 |       ||    13
       Trident           |       |       |       |   131 |     2 ||   133
       Punch             |       |       |       |     2 |       ||     2
 Fire: Sling             |       |    12 |    29 |       |       ||    41
 Cast: Sting             |    71 |    46 |    54 |       |       ||   171
       Mephitic Cloud    |       |       |    21 |    15 |       ||    36
       Olgreb's Toxic Ra |       |       |    30 |    62 |       ||    92
       Poisonous Vapours |       |       |    13 |       |       ||    13
       Airstrike         |       |       |    33 |   115 |     1 ||   149
       Corpse Rot        |       |       |     1 |    20 |       ||    21
       Vampiric Draining |       |       |       |    19 |       ||    19
       Animate Dead      |       |       |       |     5 |       ||     5
Evoke: Wand              |       |       |       |     3 |       ||     3
  Use: Scroll            |     1 |     3 |     4 |    16 |       ||    24
       Potion            |       |    11 |     3 |     6 |       ||    20
 Stab: Confused          |       |       |     4 |     4 |       ||     8
       Sleeping          |       |       |       |     2 |       ||     2
       Distracted        |       |       |       |     1 |       ||     1
       Invisible         |       |       |       |     1 |       ||     1
Armor: Robe              |     6 |    17 |    30 |    45 |       ||    98
       Skin              |       |    13 |       |       |       ||    13
       Steam dragon scal |       |       |       |    37 |       ||    37
Dodge: Dodged            |    13 |    51 |   103 |   141 |       ||   308
       Repelled          |       |       |       |     2 |       ||     2
